 Dungeon Crawl Stone Soup version 0.18.1-2-ga659475 (webtiles) character file.

11 Chiseanne the Digger (level 2, -5/24 HPs)
             Began as a Ghoul Earth Elementalist on May 8, 2016.
             Killed from afar by a dart slug (6 damage)
             ... with a slug dart
             ... on level 1 of the Dungeon.
             The game lasted 00:01:07 (269 turns).

Chiseanne the Digger (Ghoul Earth Elementalist)      Turns: 269, Time: 00:01:07

Health: -5/24      AC: 10    Str: 11    XL:     2   Next: 29%
Magic:  3/3        EV:  7    Int: 10    God:
Gold:   46         SH:  0    Dex: 14    Spells: 1 memorised, 3 levels left

rFire  . . .     SeeInvis .     f - +0 club
rCold  + . .     Gourm    .     g - +0 plate armour
rNeg   + + +     Faith    .     (no shield)
rPois  ∞         Spirit   .     (no helmet)
rElec  .         Dismiss  .     (no cloak)
rCorr  .         Reflect  .     (no gloves)
SustAt .         Harm     .     (no boots)
MR     .....                    (no amulet)
Stlth  ..........               (no ring)
                                (no ring)

@: agile, rotting, not resistant to hostile enchantments, extremely unstealthy
A: rotting body, claws 1, carnivore 3, cold resistance 1, negative energy
resistance 3, slow regeneration 1, torment resistance, unbreathing
a: no special abilities


You were on level 1 of the Dungeon.
You were not hungry.

You visited 1 branch of the dungeon, and saw 1 of its levels.

You collected 46 gold pieces.

Inventory:

Hand Weapons
 f - a +0 club (weapon)
Missiles
 b - 20 stones (quivered)
Armour
 g - a +0 plate armour (worn)
Books
 c - a book of Geomancy

   Spells                             Type                      Level
   a - Sandblast                      Earth                        1
   b - Passwall                       Transmutation/Earth          2
   c - Stone Arrow                    Conjuration/Earth            3
   d - Petrify                        Transmutation/Earth          4
   e - Lee's Rapid Deconstruction     Earth                        5
Comestibles
 d - 2 meat rations


   Skills:
 * Level 1.6 Fighting
 * Level 0.6 Armour
 - Level 1.7 Dodging
 - Level 2.1 Stealth
 - Level 1.7 Spellcasting
   Level 0.8 Transmutations
 - Level 3.2 Earth Magic


You had 3 spell levels left.
You knew the following spells:

 Your Spells              Type           Power        Failure   Level  Hunger
a - Sandblast             Erth           #.....       100%        1    ##.....


Dungeon Overview and Level Annotations

Branches:
Dungeon (1/15)

Altars:


Innate Abilities, Weirdness & Mutations

Your body is rotting away.
You thrive on raw meat.
You are immune to poison.
You have sharp fingernails.
You are carnivorous and can eat meat at any time.
Your flesh is cold resistant.
You are immune to negative energy.
You regenerate slowly when monsters are visible.
You are immune to unholy pain and torment.
You can survive without breathing.


Message History

You feel agile all of a sudden. The hobgoblin barely misses you.
You closely miss the hobgoblin.
The hobgoblin is almost dead.
The hobgoblin hits you but does no damage.
You barely miss the hobgoblin.
The hobgoblin is almost dead.
The hobgoblin barely misses you.
You closely miss the hobgoblin.
The hobgoblin is almost dead.
The hobgoblin hits you but does no damage.
You completely miss the hobgoblin.
The hobgoblin is almost dead.
The hobgoblin hits you but does no damage.
You hit the hobgoblin but do no damage.
The hobgoblin is almost dead.
The hobgoblin hits you but does no damage.
The dart slug launches a dart at you. The slug dart hits you!
You die...

#### #... ... .. .. #.
...###.####
..........############
.............g@w......
##....#.#..#########..
#... #.....#
###########.#####
#...............#
#....#######....#
###....# ....#
.......##### ..#.#
............ ......


You could see a dart slug and a hobgoblin.

Vanquished Creatures
  A dart slug (D:1)
  A giant gecko (D:1)
  A goblin (D:1)
  2 hobgoblins (D:1)
  A kobold (D:1)
  A bat (D:1)
  A rat (D:1)
8 creatures vanquished.

Notes
Turn   | Place    | Note
--------------------------------------------------------------
     0 | D:1      | Chiseanne the Ghoul Earth Elementalist began the quest for the Orb.
     0 | D:1      | Reached XP level 1. HP: 14/14 MP: 2/2
    95 | D:1      | Reached skill level 1 in Fighting
   147 | D:1      | Reached XP level 2. HP: 22/23 MP: 3/3
   262 | D:1      | HP: 1/24 [hobgoblin/club (1)]
   269 | D:1      | Killed from afar by a dart slug

Skill      XL: |  1 |
---------------+----+-----
Fighting       | 1 |  1.6
Armour         | |  0.6
Dodging        | |  1.7
Stealth        | |  2.1
Spellcasting   | |  1.7
Transmutations | |  0.8
Earth Magic    | |  3.2

Action                   || total
-------------------------++-------
Melee: Unarmed           ||    36
       Club              ||    64
 Cast: Sandblast         ||     1
  Use: Potion            ||     2
  Eat: Chunk             ||     4
Armor: Plate armour      ||    67
Dodge: Dodged            ||    21
